 Dungeon Crawl Stone Soup version 0.15-a0-1894-g162a615 (webtiles) character file.

535404 PolkaDot the Maledictor (level 24, -2/161 HPs)
             Began as a Vampire Enchanter on July 4, 2014.
             Was the Champion of Ashenzari.
             Killed by mirror damage (44 damage)
             ... on Level 3 of the Crypt on July 6, 2014.
             The game lasted 07:56:23 (81821 turns).

PolkaDot the Maledictor (Vampire Enchanter)        Turns: 81821, Time: 07:56:23

HP  -2/161       AC 19     Str  6 (7)  XL: 24   Next:  2%
MP  34/52        EV 35     Int 27      God: Ashenzari [******]
Gold 2621        SH 10     Dex 24      Spells: 17 memorised,  3 levels left

rFire  + + +     SeeInvis +     m - +6 dagger (speed) (curse)
rCold  + . .     Clarity  +     V - +3 leather armour {MR+} (curse)
rNeg   + . .     rCorr    .     s - +2 buckler of Pride {rF++}
rPois  .         rRot     .     y - +2 helmet (curse)
rElec  +         Spirit   .     x - +2 cloak {+Inv} (curse)
SustAb .         Warding  .     J - +2 pair of fencer's gloves {EV+3 Dex+6 Slay+2}
rMut   .         Stasis   .     U - +2 pair of boots {Stlth+} (curse)
Gourm  .                        N - cursed amulet of the Air {Inacc +Fly rElec EV+5 RMsl}
MR     +++..                    P - cursed ring of the Imp {rF+ MP+9 Int+3}
                                X - cursed ring "Tokaoniy" {rC+ Dex+3 Stlth+}

@: very slightly contaminated, studying 2 skills, repel missiles, extremely
resistant to hostile enchantments, uncannily stealthy
A: bottle blood, fangs 3, see invisible, unbreathing
a: Bat Form, Bottle Blood, Scrying, Transfer Knowledge, Renounce Religion, Evoke
Invisibility, Evoke Flight
}: 4/15 runes: barnacled, slimy, abyssal, gossamer


You were on level 3 of the Crypt.
You worshipped Ashenzari.
Ashenzari was exalted by your worship.
You were not thirsty.

You visited 12 branches of the dungeon, and saw 60 of its levels.
You visited the Abyss 1 time.
You also visited: Labyrinth and Ice Cave.

You collected 6886 gold pieces.
You spent 4265 gold pieces at shops.

Inventory:

Hand weapons
 i - a +0 blowgun
 m - a cursed +6 dagger of speed (weapon)
Missiles
 l - 113 poisoned needles
 n - 6 needles of slowing
 B - 5 throwing nets (quivered)
 K - 8 curare-tipped needles
Armour
 s - the cursed +2 buckler of Pride (worn) {rF++}
   (You acquired it on level 11 of the Dungeon)

   It greatly protects you from fire.
   It has a curse placed upon it.
 x - a cursed +2 cloak of darkness (worn)
 y - a cursed +2 helmet (worn)
 J - the cursed +2 pair of fencer's gloves (worn) {EV+3 Dex+6 Slay+2}
   (You found it in an ice cave)

   It affects your evasion (+3).
   It affects your dexterity (+6).
   It affects your accuracy and damage with ranged weapons and melee attacks
   (+2).
   It has a curse placed upon it.
 U - a cursed +2 pair of boots of stealth (worn)
 V - a cursed +3 leather armour of magic resistance (worn)
Magical devices
 u - a wand of invisibility (2)
 z - a wand of disintegration (8)
 H - a wand of digging (7)
 T - a wand of teleportation (0)
Scrolls
 d - 8 scrolls of fear
 g - 9 scrolls of remove curse
 j - 18 scrolls of teleportation
 k - 2 scrolls of brand weapon
 o - 6 scrolls of recharging
 q - a scroll of blinking
 A - 2 scrolls of fog
 C - 5 scrolls of silence
 D - 6 scrolls of enchant armour
 E - 4 scrolls of summoning
 G - 10 scrolls of identify
 L - a scroll of immolation
 R - 3 scrolls of torment
 S - 6 scrolls of magic mapping
Jewellery
 a - the ring "Xogg" {+Inv rPois rF+ rC+}
   (You took it off a deep elf mage on level 3 of the Elven Halls)

   [ring of poison resistance]

   It protects you from fire.
   It protects you from cold.
   It protects you from poison.
   It lets you turn invisible.
 f - the amulet "Fichol" {+Rage rC+ Int+2}
   (You took it off a deep elf blademaster on level 3 of the Elven Halls)

   [amulet of rage]

   It affects your intelligence (+2).
   It protects you from cold.
   It lets you go berserk.
 N - the cursed amulet of the Air (around neck) {Inacc +Fly rElec EV+5 RMsl}
   (You found it on level 5 of the Shoals)

   [amulet of inaccuracy]

   It reduces the accuracy of all your attacks.
   It affects your evasion (+5).
   It insulates you from electricity.
   It lets you fly.
   It protects you from missiles.
   It has a curse placed upon it.
 P - the cursed ring of the Imp (right hand) {rF+ MP+9 Int+3}
   (You bought it in a shop on level 5 of the Shoals)

   [ring of magical power]

   It affects your intelligence (+3).
   It protects you from fire.
   It affects your magic capacity (+9).
   It has a curse placed upon it.
 X - the cursed ring "Tokaoniy" (left hand) {rC+ Dex+3 Stlth+}
   (You found it on level 5 of the Shoals)

   [ring of stealth]

   It affects your dexterity (+3).
   It protects you from cold.
   It makes you more stealthy.
   It has a curse placed upon it.
Potions
 e - 4 potions of flight
 h - 2 potions of agility
 p - 11 potions of haste
 r - a potion of magic
 t - 3 potions of might
 v - 2 potions of restore abilities
 w - a potion of resistance
 F - 5 potions of curing
 I - 6 potions of brilliance
 W - 3 potions of invisibility
Books
 b - a manual of Transmutations
 c - a manual of Evocations
 O - a book of Beasts

   Spells                             Type                      Level
   Summon Butterflies                 Summoning                    1
   Call Canine Familiar               Summoning                    3
   Summon Ice Beast                   Ice/Summoning                4
   *Summon Mana Viper                 Hexes/Summoning              5
   Monstrous Menagerie                Summoning                    6
   Summon Hydra                       Summoning                    7
 Y - a book of Debilitation

   Spells                             Type                      Level
   *Corona                            Hexes                        1
   Slow                               Hexes                        2
   Inner Flame                        Hexes/Fire                   3
   *Enslavement                       Hexes                        4
   Cause Fear                         Hexes                        4
   Leda's Liquefaction                Hexes/Earth                  4
 Z - a book of Clouds

   Spells                             Type                      Level
   Mephitic Cloud                     Conjuration/Poison/Air       3
   Conjure Flame                      Conjuration/Fire             3
   Poisonous Cloud                    Conjuration/Poison/Air       6
   Freezing Cloud                     Conjuration/Ice/Air          6
   *Ring of Flames                    Charms/Fire                  7


   Skills:
 + Level 6.8 Fighting
 - Level 14.0(18.0) Short Blades
 - Level 5.4 Armour
 - Level 11.0(15.2) Dodging
 - Level 24.2(27) Stealth
 - Level 7.0(10.1) Shields
 + Level 20.7 Spellcasting
 - Level 2.5(6.1) Conjurations
 - Level 24.3(27) Hexes
 * Level 16.9(20.7) Charms
 - Level 2.5(6.1) Translocations
 - Level 7.5(12.0) Transmutations
 - Level 1.0(3.5) Ice Magic
 - Level 3.0(6.8) Air Magic
 - Level 9.1(13.4) Evocations


You had 3 spell levels left.
You knew the following spells:

 Your Spells              Type           Power        Failure   Level  Hunger
a - Corona                Hex            #######      0%          1    None
b - Sure Blade            Hex/Chrm       ########..   0%          2    None
c - Confuse               Hex            ########     0%          3    None
d - Ensorcelled Hibernat  Hex/Ice        ######       0%          2    None
e - Enslavement           Hex            ########     0%          4    None
g - Summon Guardian Gole  Hex/Summ       #######.     1%          4    None
h - Haste                 Chrm           #######.     1%          6    None
i - Invisibility          Hex            ########     0%          6    None
p - Passwall              Trmt/Erth      ######....   1%          3    None
q - Blink                 Tloc           N/A          1%          2    None
r - Ring of Flames        Chrm/Fire      ######....   17%         7    ####...
s - Dazzling Spray        Conj/Hex       #######.     0%          3    None
v - Summon Mana Viper     Hex/Summ       #######.     1%          5    None
A - Apportation           Tloc           ######....   1%          1    None
D - Repel Missiles        Chrm/Air       ######       0%          2    None
F - Flight                Chrm/Air       #######...   0%          3    None
S - Darkness              Hex            ########..   1%          7    ####...


Dungeon Overview and Level Annotations

Branches:
Dungeon (15/15)            Temple (1/1) D:5             Orc (4/4) D:11
    Elf (3/3) Orc:4          Lair (8/8) D:11         Shoals (5/5) Lair:5
 Spider (5/5) Lair:3        Slime (6/6) Lair:8       Vaults (5/5) D:13
  Crypt (3/3) Vaults:2       Tomb (1/3) Crypt:3      Depths (4/5) D:15

Altars:
Ashenzari
Cheibriados
Dithmenos
Elyvilon
Fedhas
Gozag
Kikubaaqudgha
Makhleb
Nemelex Xobeh
Okawaru
Qazlal
Sif Muna
Trog
Vehumet
Xom
Yredelemnul
Zin
The Shining One
Beogh
Jiyva
Lugonu

Shops:
D:9 *   Orc:4 [(:*   Elf:2 %   Shoals:2 *   Shoals:5 =%   Vaults:4 ?=[

Portals:
Hell: Depths:1 Depths:2 Depths:3
Abyss: Depths:2 Depths:3 Depths:4
Pandemonium: Depths:3 Depths:4
Trove: D:14 (show horn of Geryon)


Innate Abilities, Weirdness & Mutations

You can bottle blood from corpses.
You have razor-sharp teeth.*
You have supernaturally acute eyesight.
You can survive without breathing.*


Message History

You catch the helpless wraith completely off-guard!
You carve the wraith like a ham!!!!
You destroy the wraith!
The death knight offers itself to Yredelemnul, and fills with unholy energy.
Casting: Confuse
Confirm with . or Enter, or press ? or * to list all spells.
Aiming: Confuse
Press: ? - help, Shift-Dir - straight line, f - death knight
Aim: a death knight, wielding a battleaxe and wearing a chain mail (reflecting injuries)
The death knight appears confused.
The death knight closely misses the wraith.
You hit the death knight.
The death knight is lightly wounded.
Your damage is reflected back at you!
You catch the helpless death knight completely off-guard!
You carve the death knight like a ham!!!
You bite the death knight, but do no damage.
The death knight is almost dead.
Your damage is reflected back at you!
You die...

#...'#..#.....#..##......##......
######..#%.......###....###..####
#####...........# ##''## #..# #
##......)........# #.|.%###''## #
##.⌠....).......## #.::(##....#
##.....).).....######|[##.....#
################ #..####......#
###################....[......#
..............Wp@.#.<###...{..#
##..#####..##.z##....# #......#
##''#####.{##.)####W'####.....#
#..W...##.n##.z#......###'##'## #
#..n..['....#.^#......'...##.####
#).[...'....#..#......'..W.....#.
'......##......'......##.......'.
'......####....'......##..###..'.
#......# ####'#..(...##..# #..#.


You could see a death knight (confused), a skeletal warrior, a freezing wraith
and a wraith.

Vanquished Creatures
  the royal jelly (Slime:6)
  Saint Roka (Orc:4)
  A curse toe (Crypt:3)
  Norris (Shoals:5)
  A golden dragon (Depths:4)
  A bone dragon (Depths:2)
  Arachne (Spider:2)
  2 liches
  A tentacled monstrosity (Depths:3)
  A deep elf blademaster (Elf:3)
  2 deep elf master archers (Elf:3)
  4 acid blobs (Slime:6)
  A storm dragon (Vaults:4)
  A kraken (Shoals:1)
  7 sphinxes
  A tengu reaver (Depths:1)
  Rupert (Lair:4)
  Agnes (Vaults:3)
  7 ancient champions (Crypt:3)
  Kirke (D:14)
  6 large abominations
  A shadow dragon (Vaults:4)
  4 fire giants
  3 azure jellies
  Ilsuiw (Shoals:5)
  4 revenants
  Donald (Vaults:3)
  7 frost giants
  Maud (Lair:8)
  A ghost moth (Spider:5)
  17 deep elf sorcerers
  An orc warlord (Orc:2)
  The ghost of Kenran the Bludgeoner, a powerful MiFi of Makhleb (Lair:7)
  9 vault wardens
  A ghoul (Crypt:3)
  An angel (Abyss:1)
  10 stone giants
  3 dire elephants
  7 deep elf demonologists
  4 vampire knights
  13 deep elf annihilators
  Azrael (D:15)
  3 blizzard demons
  A mottled draconian (shapeshifter) (Vaults:3)
  3 vault guards
  10 merfolk javelineers
  An eidolon (Crypt:3)
  10 deep elf death magi
  3 sirens
  6 ettins
  A quicksilver dragon zombie (Crypt:3)
  2 minotaurs
  A death ooze (Slime:6)
  Josephine (D:15)
  11 yaktaur captains
  2 rakshasas
  2 merfolk impalers
  5 ice dragons
  A siren (shapeshifter) (Elf:3)
  4 spriggan air magi
  8 fire dragons
  A ravenous item mimic (Crypt:3)
  13 jiangshi
  10 deep elf high priests
  17 ironheart preservers
  5 great orbs of eyes
  A monstrous demonspawn (Depths:4)
  9 deep troll earth magi
  3 ghost crabs
  10 hydras
  2 satyrs (Shoals:5)
  2 death knights
  6 merfolk aquamancers
  2 deep troll shamans
  27 death yaks
  A titan zombie (Depths:3)
  22 ogre magi
  3 spriggan berserkers
  8 centaur warriors
  5 vampire magi
  10 spriggans
  A fire crab (shapeshifter) (D:13)
  A soul eater (Crypt:2)
  4 very ugly things
  2 shadow wraiths
  3 catoblepae
  A hell beast (Depths:3)
  3 titan skeletons (Depths:2)
  2 iron trolls
  A fire crab (Vaults:1)
  46 skeletal warriors
  5 ice devils (IceCv)
  2 storm dragon skeletons
  29 deep elf knights
  7 sea snakes
  3 mana vipers (Crypt:3)
  11 orb spiders
  4 flayed ghosts
  5 hell knights (Depths:3)
  20 deep elf summoners
  3 giant orange brains
  The ghost of vYxOr the Skirmisher, an experienced MiFi of Okawaru (D:6)
  A harpy (shapeshifter) (Vaults:3)
  2 unseen horrors
  7 water nymphs
  21 deep trolls
  15 ironbrand convokers
  2 anaconda skeletons
  A swamp dragon (shapeshifter) (Depths:3)
  11 hill giants
  3 golden dragon skeletons
  24 harpies
  A hellion (Abyss:1)
  5 orc sorcerers
  A lindwurm (Lair:8)
  22 wolf spiders
  4 fauns
  17 cyclopes
  7 phantasmal warriors
  A salamander (D:15)
  5 necromancers
  A wizard (Depths:1)
  19 deep elf conjurers
  A guardian golem (Crypt:3)
  3 red wasps
  15 manticores
  9 orc knights
  2 sphinx skeletons (Depths:2)
  8 elephants
  16 griffons
  4 iron dragon skeletons
  4 sixfirhies
  4 oklob plants (Lair:6)
  A frost giant skeleton (Depths:2)
  7 human skeletons
  4 stone giant skeletons
  A worldbinder (Abyss:1)
  3 fire giant skeletons
  Maurice (Orc:2)
  15 mermaids
  A dire elephant zombie (Crypt:1)
  9 black mambas
  10 vault sentinels
  A gargoyle (D:15)
  An eye of devastation (Slime:6)
  2 smoke demons (Abyss:1)
  A shock serpent skeleton (Crypt:3)
  A spiny frog (shapeshifter) (Elf:2)
  3 torpor snails
  3 demonic crawlers
  A pale draconian zombie (Crypt:2)
  10 spiny frogs
  A fire drake (shapeshifter) (D:15)
  An efreet (Depths:4)
  An orange demon (Depths:4)
  2 iron devils
  11 spriggan skeletons
  5 kobold demonologists
  2 small abominations (Vaults:4)
  A centaur zombie (D:14)
  An item mimic (Spider:4)
  An elf (shapeshifter) (Vaults:4)
  10 komodo dragons
  2 fire drakes
  2 silent spectres (Crypt:3)
  A mottled draconian skeleton (Crypt:1)
  14 deep elf priests
  12 freezing wraiths
  A purple draconian skeleton (Crypt:3)
  4 guardian mummies
  6 anaconda simulacra (IceCv)
  21 merfolk
  20 jumping spiders
  2 golden dragon simulacra (IceCv)
  2 spriggan druids (Lair:8)
  7 trolls
  54 yaktaurs
  3 centaur skeletons
  A red devil (Depths:3)
  A merfolk (shapeshifter) (Elf:1)
  Sonja (D:15)
  A troll (shapeshifter) (Depths:2)
  A blink frog (shapeshifter) (D:13)
  4 blue devils
  5 polar bears (Lair:8)
  A raven (shapeshifter) (Vaults:1)
  3 boulder beetles (Vaults:4)
  24 blink frogs
  9 wind drakes
  A minotaur skeleton (Crypt:2)
  A harpy skeleton (Crypt:1)
  An ice dragon zombie (Depths:1)
  45 two-headed ogres
  A moth of wrath zombie (Crypt:2)
  A death drake skeleton (Crypt:2)
  A redback (shapeshifter) (Depths:4)
  A basilisk (shapeshifter) (Vaults:2)
  54 slime creatures
  10 snapping turtles
  6 air elementals
  2 baby alligators (shapeshifter) (Vaults:2)
  7 water elementals
  3 basilisks
  2 shadows
  6 trapdoor spiders
  12 flying skulls (Depths:2)
  A fire dragon skeleton (Depths:1)
  An ice dragon skeleton (Crypt:1)
  19 redbacks
  3 elf skeletons (Depths:2)
  2 wyverns
  A trapdoor spider (shapeshifter) (Vaults:4)
  19 tarantellas
  3 ettin skeletons
  8 vampires
  4 sharks (Lair:5)
  41 yaks
  42 deep elf magi
  A spriggan (shapeshifter) (Depths:1)
  10 wraiths
  28 ugly things
  A yak (shapeshifter) (Vaults:4)
  Eustachio (Orc:2)
  A human (D:14)
  A dire elephant simulacrum (IceCv)
  15 fire elementals
  57 deep elf fighters
  A hill giant zombie (D:14)
  2 chaos spawn
  12 hippogriffs
  A hippogriff (shapeshifter) (D:14)
  2 wargs
  6 hungry ghosts
  15 vampire mosquitoes
  A death yak simulacrum (IceCv)
  3 harpy simulacra (IceCv)
  32 wolves
  An iron troll simulacrum (IceCv)
  Edmund (D:9)
  A hill giant skeleton (D:13)
  3 hell hounds (D:15)
  An infernal demonspawn skeleton (Crypt:1)
  12 porcupines
  2 mottled dragons
  18 water moccasins
  A gelid demonspawn skeleton (Crypt:3)
  A minotaur simulacrum (Depths:1)
  An ogre skeleton (D:14)
  A raven skeleton (Crypt:1)
  2 tengu skeletons
  6 hydra simulacra
  A spectral blink frog (Crypt:3)
  A faun skeleton (Crypt:2)
  15 ice beasts
  10 spiders
  43 orc warriors
  2 deep troll skeletons
  A swamp drake (D:11)
  A spiny frog skeleton (Crypt:1)
  An ettin simulacrum (IceCv)
  7 black bears
  2 yellow wasps (Lair:8)
  A manticore zombie (D:9)
  4 human zombies
  2 phantoms
  3 sky beasts
  15 crocodiles
  7 boggarts (Vaults:1)
  66 ogres
  21 centaurs
  A lost soul (Crypt:1)
  A necrophage (D:12)
  Duvessa (D:9)
  A boring beetle (Lair:6)
  A yaktaur zombie (D:15)
  Blork the orc (D:5)
  24 giant frogs
  6 big kobolds
  2 wyvern zombies
  5 yaktaur skeletons
  2 scorpions
  A wyvern skeleton (D:11)
  A cyclops skeleton (D:9)
  2 electric eels
  15 killer bees
  A raiju skeleton (Crypt:2)
  3 spriggan zombies
  A troll skeleton (D:7)
  3 draconian simulacra (IceCv)
  3 human simulacra
  7 crimson imps
  A goliath beetle (D:6)
  13 wights
  2 lava snakes (Lair:4)
  Dowan (D:9)
  38 orc priests
  A basilisk zombie (D:10)
  10 jellies
  2 orange rats (Vaults:1)
  31 orc wizards
  Crazy Yiuf (D:5)
  An elf zombie (D:8)
  6 hounds
  13 worker ants
  Natasha (thrice) (D:3)
  8 iguanas
  4 troll simulacra (IceCv)
  18 sheep
  A spriggan simulacrum (IceCv)
  3 centaur simulacra (IceCv)
  Ijyb (D:2)
  A big kobold zombie (D:10)
  2 mottled dragon skeletons
  An elf simulacrum (D:15)
  A deep dwarf skeleton (Crypt:2)
  Terence (D:1)
  A hound skeleton (D:8)
  7 mummies
  9 gnolls
  An ogre simulacrum (IceCv)
  A scorpion zombie (Crypt:2)
  22 adders
  39 green rats
  2 giant mites
  2 naga simulacra (IceCv)
  3 shadow imps
  19 white imps
  5 ufetubi (IceCv)
  2 worms (D:2)
  An iguana skeleton (D:8)
  A lava snake skeleton (Crypt:3)
  6 orc skeletons
  3 giant eyeballs (Elf:3)
  9 giant geckos
  2 oozes
  182 orcs
  6 giant cockroaches
  27 goblins
  33 hobgoblins
  3 jackals (D:4)
  21 kobolds
  13 quokkas
  2 ball pythons
  15 bats
  2 giant newts
  A giant spore (D:15)
  A hobgoblin skeleton (Crypt:1)
  A jackal zombie (D:4)
  24 rats
  A rat skeleton (D:7)
  3 ballistomycetes
  3 crawling corpses (Vaults:4)
  3 fungi (Elf:3)
2533 creatures vanquished.

Vanquished Creatures (collateral kills)
  Khufu (Crypt:1)
  A greater mummy (Crypt:1)
  A curse toe (Crypt:3)
  A lich (Crypt:3)
  5 acid blobs (Slime:6)
  Roxanne (Elf:3)
  3 azure jellies (Slime:6)
  2 reapers (Crypt:3)
  2 rakshasas (Depths:1)
  2 mummy priests (Tomb:1)
  A death ooze (Slime:6)
  5 jiangshi (Crypt:3)
  An ice dragon (Depths:3)
  Fannar (Lair:4)
  An ironheart preserver (Vaults:2)
  A vampire mage (Crypt:3)
  A soul eater (Crypt:1)
  5 mana vipers
  A deep elf knight (Elf:3)
  A giant orange brain (Slime:6)
  2 orb spiders (Spider:5)
  4 ice statues
  A deep elf summoner (Elf:3)
  A wolf spider (Spider:5)
  A phantasmal warrior (Crypt:3)
  A cyclops (Vaults:1)
  An eye of devastation (Slime:5)
  A freezing wraith (IceCv)
  A deep elf priest (Vaults:2)
  5 slime creatures (Slime:6)
  A deep elf mage (Elf:3)
  2 trapdoor spiders (Spider:5)
  A tarantella (Spider:5)
  3 redbacks
  2 deep elf fighters (Elf:3)
  A warg (Orc:4)
  A vampire mosquito (Vaults:1)
  5 orc warriors (Orc:4)
  A hell hound (D:15)
  2 ice beasts (Depths:3)
  A phantom (D:11)
  An ogre (Depths:2)
  A boggart (Vaults:1)
  An insubstantial wisp (Abyss:1)
  3 killer bees (D:11)
  2 jellies (Slime:6)
  An orc priest (Orc:4)
  3 orc wizards (Orc:4)
  3 sheep (Vaults:1)
  2 mummies
  2 green rats (Lair:7)
  6 orcs (Orc:4)
  A bat (D:10)
101 creatures vanquished.

Vanquished Creatures (others)
  A deep elf sorcerer (Vaults:3)
  34 mana vipers
  An ice statue (Depths:3)
  12 guardian golems
  A drowned soul (Shoals:1)
  A mermaid (Shoals:5)
  An orange demon (Elf:3)
  A redback (Spider:5)
  A human (D:14)
  2 deep elf fighters
  An orc warrior (Vaults:1)
  2 ice beasts
  2 ogres
  6 lost souls
  A killer bee (D:10)
  A crimson imp (D:14)
  A sheep (D:15)
  An orc (Orc:2)
  A hobgoblin (D:10)
  A giant spore (D:10)
  18 fungi
  9 plants
99 creatures vanquished.

Grand Total: 2733 creatures vanquished

Notes
Turn   | Place    | Note
--------------------------------------------------------------
     0 | D:1      | PolkaDot, the Vampire Enchanter, began the quest for the Orb.
     0 | D:1      | Reached XP level 1. HP: 13/13 MP: 3/3
   378 | D:1      | Reached XP level 2. HP: 19/19 MP: 4/4
  1162 | D:1      | Learned a level 2 spell: Ensorcelled Hibernation
  1205 | D:2      | Noticed Terence
  1210 | D:1      | Killed Terence
  1210 | D:1      | Reached XP level 3. HP: 24/24 MP: 3/6
  1443 | D:2      | Reached skill level 1 in Ice Magic
  1448 | D:2      | Learned a level 3 spell: Confuse
  1674 | D:2      | HP: 1/24 [gnoll/spear (7)]
  1677 | D:1      | Reached XP level 4. HP: 5/30 MP: 0/7
  2177 | D:2      | Reached skill level 5 in Stealth
  2532 | D:2      | Noticed Ijyb
  2549 | D:2      | Killed Ijyb
  2549 | D:2      | Reached skill level 5 in Hexes
  2554 | D:2      | Reached XP level 5. HP: 32/35 MP: 2/9
  2675 | D:3      | Noticed Natasha
  2690 | D:3      | Killed Natasha
  2690 | D:3      | Reached skill level 6 in Stealth
  2741 | D:3      | Noticed Natasha
  2749 | D:3      | Killed Natasha
  3516 | D:3      | Noticed Natasha
  3521 | D:3      | Killed Natasha
  3549 | D:4      | Reached skill level 1 in Armour
  4214 | D:4      | Reached XP level 6. HP: 41/41 MP: 3/10
  4655 | D:5      | Entered Level 5 of the Dungeon
  4665 | D:5      | Found a staircase to the Ecumenical Temple.
  4671 | Temple   | Entered the Ecumenical Temple
  4728 | Temple   | Became a worshipper of Ashenzari the Shackled
  4963 | D:5      | Noticed Blork the orc
  4967 | D:5      | Killed Blork the orc
  4967 | D:5      | Reached skill level 7 in Stealth
  5318 | D:5      | Learned a level 3 spell: Dazzling Spray
  5318 | D:5      | Noticed Crazy Yiuf
  5324 | D:5      | Killed Crazy Yiuf
  5923 | D:6      | Reached XP level 7. HP: 46/46 MP: 12/12
  6525 | D:6      | Noticed vYxOr's ghost (experienced MiFi)
  6566 | D:6      | Killed vYxOr's ghost
  6566 | D:6      | Reached skill level 8 in Stealth
  6566 | D:6      | Reached XP level 8. HP: 44/52 MP: 6/13
  6800 | D:7      | Reached skill level 5 in Armour
  6802 | D:7      | Reached skill level 9 in Stealth
  7221 | D:7      | Reached skill level 5 in Short Blades
  7610 | D:7      | Reached XP level 9. HP: 40/57 MP: 9/14
  7776 | D:7      | Reached skill level 10 in Stealth
  7842 | D:7      | Found a blossoming altar of Fedhas.
  7844 | D:7      | Found an iron altar of Okawaru.
  7911 | D:7      | Gained mutation: You are robust (+10% HP). [potion of beneficial mutation]
  8380 | D:8      | Found a white marble altar of Elyvilon.
  8490 | D:8      | Acquired Ashenzari's first power
  8606 | D:8      | Found a snail-covered altar of Cheibriados.
  8606 | D:8      | Found an ancient bone altar of Kikubaaqudgha.
  9256 | D:9      | Reached skill level 10 in Hexes
  9271 | D:9      | Reached skill level 11 in Stealth
  9457 | D:9      | Noticed a centaur warrior
  9460 | D:9      | Killed a centaur warrior
  9481 | D:9      | Reached XP level 10. HP: 69/69 MP: 16/16
  9561 | D:9      | Noticed Duvessa
  9565 | D:9      | Noticed Dowan
  9572 | D:9      | Killed Dowan
  9590 | D:9      | Killed Duvessa
  9658 | D:9      | Reached skill level 12 in Stealth
 10112 | D:9      | Found Gozag's Nutrition Petition.
 10114 | D:9      | Found an opulent altar of Gozag.
 10173 | D:9      | Noticed Edmund
 10188 | D:9      | Killed Edmund
 10446 | D:10     | Entered Level 10 of the Dungeon
 10454 | D:9      | Learned a level 4 spell: Enslavement
 10634 | D:10     | Reached skill level 10 in Short Blades
 10788 | D:10     | Reached skill level 13 in Stealth
 10892 | D:10     | Noticed a hill giant
 10907 | D:10     | Killed a hill giant
 10961 | D:10     | Reached XP level 11. HP: 74/74 MP: 12/17
 11706 | D:11     | Found a staircase to the Lair.
 11750 | D:11     | Acquired Ashenzari's second power
 12119 | D:11     | Found a staircase to the Orcish Mines.
 12438 | D:11     | Reached skill level 14 in Stealth
 12993 | Lair:1   | Entered Level 1 of the Lair of Beasts
 13481 | Lair:1   | Identified the +0 scale mail "Homiedai" {MR+ Str+1 Dex+4 Int+3 Stlth--}
 14004 | Lair:1   | Noticed an eight-headed hydra
 14010 | Lair:1   | Killed an eight-headed hydra
 14010 | Lair:1   | Reached skill level 15 in Stealth
 14010 | Lair:1   | Reached XP level 12. HP: 81/81 MP: 13/18
 14250 | Lair:2   | Learned a level 2 spell: Sure Blade
 14943 | Lair:2   | Found a radiant altar of Vehumet.
 15516 | Lair:3   | Reached skill level 16 in Stealth
 15572 | Lair:3   | Found a hole to the Spider Nest.
 15609 | Lair:3   | Acquired Ashenzari's third power
 15997 | Lair:3   | Noticed a seven-headed hydra
 16008 | Lair:3   | Killed a seven-headed hydra
 16008 | Lair:3   | Reached skill level 15 in Hexes
 16353 | Lair:3   | Reached skill level 5 in Dodging
 16482 | Lair:4   | Noticed Rupert
 16671 | Lair:4   | Killed Rupert
 16671 | Lair:4   | Reached XP level 13. HP: 86/86 MP: 19/19
 16681 | Lair:4   | Noticed Fannar
 16943 | Lair:4   | Killed Fannar
 17218 | Lair:4   | Noticed a six-headed hydra
 17224 | Lair:4   | Killed a six-headed hydra
 17283 | Lair:4   | Reached skill level 17 in Stealth
 17782 | Lair:5   | Identified the +3 dagger of Cistruhi {stab, +Inv}
 18337 | Lair:5   | Found a staircase to the Shoals.
 19891 | Lair:6   | Reached skill level 10 in Dodging
 19896 | Lair:6   | Reached skill level 18 in Stealth
 20080 | Lair:6   | Acquired Ashenzari's fourth power
 20447 | Lair:7   | Noticed Kenran's ghost (powerful MiFi)
 20596 | Lair:7   | Reached XP level 14. HP: 68/93 MP: 0/20
 20922 | Lair:7   | Killed Kenran's ghost
 20965 | Lair:7   | Learned a level 2 spell: Repel Missiles
 20989 | Lair:7   | Identified the +8 chain mail of Indomitability {Slay+4}
 21033 | Lair:7   | Reached skill level 1 in Evocations
 21413 | Lair:8   | Entered Level 8 of the Lair of Beasts
 21453 | Lair:8   | Found a staircase to the Slime Pits.
 21453 | Lair:8   | Found a viscous altar of Jiyva.
 21494 | Lair:8   | Noticed Maud
 21502 | Lair:8   | Killed Maud
 21559 | Lair:8   | Found a radiant altar of Vehumet.
 22673 | Lair:8   | Reached skill level 5 in Evocations
 22882 | Lair:8   | Reached skill level 19 in Stealth
 24070 | D:11     | Identified a scroll of acquirement
 24071 | D:11     | Got the cursed buckler of Pride {rF++}
 24075 | D:11     | Identified the cursed +2 buckler of Pride {rF++} (You acquired it on level 11 of the Dungeon)
 24202 | D:12     | Reached skill level 1 in Shields
 25005 | D:13     | Gained mutation: Armour fits poorly on your strangely shaped body. [potion of mutation]
 25005 | D:13     | Gained mutation: You have sharp toenails. [potion of mutation]
 25005 | D:13     | Gained mutation: You are weak. (Str -2) [potion of mutation]
 25014 | D:13     | Found a gate to the Vaults.
 25113 | D:13     | Reached XP level 15. HP: 99/99 MP: 17/25
 26085 | D:14     | Noticed Kirke
 26093 | D:14     | Killed Kirke
 26093 | D:14     | Reached skill level 5 in Shields
 26218 | D:14     | Found a portal to a secret trove of treasure.
 26620 | D:15     | Entered Level 15 of the Dungeon
 26620 | D:15     | Noticed Sonja
 26626 | D:15     | Killed Sonja
 26686 | D:15     | Found a labyrinth entrance.
 26726 | Lab      | Entered a labyrinth
 27113 | Lab      | Reached skill level 20 in Stealth
 27115 | Lab      | Identified Sif Muna's Tome of Changing
 27206 | D:15     | Found a staircase to the Depths.
 27319 | D:15     | Noticed Josephine
 27329 | D:15     | Killed Josephine
 27594 | D:15     | Noticed Azrael
 27607 | D:15     | Killed Azrael
 27842 | D:15     | Identified the cursed +3 hammer of Risk Management {speed, SInv}
 28316 | Shoals:1 | Entered Level 1 of the Shoals
 28380 | Shoals:1 | Found a frozen archway.
 28409 | IceCv    | Entered an ice cave
 28753 | IceCv    | Learned a level 3 spell: Flight
 29294 | IceCv    | Reached skill level 1 in Charms
 30224 | Shoals:1 | Reached XP level 16. HP: 105/105 MP: 15/27
 30533 | Shoals:1 | Identified the +3 leather armour "Oriqiluh" {+Blink Str-1 Int+3}
 30582 | Shoals:1 | Reached skill level 5 in Spellcasting
 30587 | Shoals:1 | Learned a level 3 spell: Passwall
 30928 | Shoals:2 | Found Zaysuit's General Store.
 30959 | Shoals:2 | Reached skill level 5 in Charms
 31093 | Shoals:2 | Bought a book of Hinderance for 400 gold pieces
 31400 | Shoals:2 | Identified the cursed +8 plate armour "Ryaxet" {rElec rPois rC+} (You acquired it on level 2 of the Shoals)
 32104 | Shoals:3 | Identified the +3 scythe of Uncomfortable Rashes {elec, Stlth++}
 32977 | Shoals:4 | Lost mutation: You are weak. (Str -2) [potion of cure mutation]
 32977 | Shoals:4 | Lost mutation: You have sharp toenails. [potion of cure mutation]
 32977 | Shoals:4 | Lost mutation: You are robust (+10% HP). [potion of cure mutation]
 32977 | Shoals:4 | Lost mutation: Armour fits poorly on your strangely shaped body. [potion of cure mutation]
 33146 | Shoals:4 | Learned a level 5 spell: Summon Mana Viper
 33403 | Shoals:5 | Entered Level 5 of the Shoals
 33403 | Shoals:5 | Found Guapremm's Food Shop.
 33403 | Shoals:5 | Noticed Norris
 33405 | Shoals:5 | Killed Norris
 33406 | Shoals:5 | Found Talafun's Jewellery Emporium.
 33419 | Shoals:5 | Bought the ring of the Imp {rF+ MP+9 Int+3} for 685 gold pieces
 33446 | Shoals:5 | Reached skill level 1 in Transmutations
 33984 | Shoals:5 | Noticed Ilsuiw
 33998 | Shoals:5 | Reached XP level 17. HP: 101/101 MP: 32/32
 34150 | Shoals:5 | Killed Ilsuiw
 34352 | Shoals:5 | Got a barnacled rune of Zot
 34394 | Shoals:5 | Gained mutation: You tend to lose your temper in combat. [mutagenic glow]
 34645 | Shoals:5 | Learned a level 7 spell: Darkness
 34701 | Shoals:5 | Identified the ring "Tokaoniy" {rC+ Dex+3 Stlth+}
 34806 | Shoals:4 | Reached skill level 10 in Spellcasting
 34924 | Spider:1 | Entered Level 1 of the Spider Nest
 35216 | Spider:2 | Noticed Arachne
 35222 | Spider:2 | Killed Arachne
 35824 | Spider:4 | Reached skill level 5 in Transmutations
 35980 | Spider:5 | Entered Level 5 of the Spider Nest
 37044 | Spider:5 | Reached skill level 10 in Charms
 37049 | Spider:5 | Got a gossamer rune of Zot
 38028 | Slime:1  | Entered Level 1 of the Pits of Slime
 38244 | Slime:5  | Reached XP level 18. HP: 107/107 MP: 35/36
 38256 | Slime:6  | Entered Level 6 of the Pits of Slime
 38416 | Slime:6  | Found a viscous altar of Jiyva.
 38422 | Slime:6  | Noticed the royal jelly
 38425 | Slime:6  | Killed the royal jelly
 38426 | Slime:6  | Identified the cursed -2 flail of the Vestibule of Hell {pain, Int+3}
 38426 | Slime:6  | Identified the +1 trident of Smeeheun {pierce, rElec SInv}
 38798 | Slime:6  | Learned a level 6 spell: Haste
 39055 | Slime:6  | Identified the +2 pair of gloves "Phe Grarch" {+Inv}
 40470 | Slime:6  | Got a slimy rune of Zot
 40485 | Slime:6  | Identified the Tome of Supportive Sinister Secrets (You found it on level 6 of the Pits of Slime)
 40876 | D:11     | Upgraded the game from 0.15-a0-1866-g491fd59 to 0.15-a0-1880-g53e602b
 40928 | Vaults:1 | Entered Level 1 of the Vaults
 41255 | Vaults:1 | Reached skill level 21 in Stealth
 43401 | Vaults:1 | Learned a level 1 spell: Apportation
 43892 | Vaults:2 | Reached skill level 1 in Translocations
 44227 | Vaults:2 | Found a staircase to the Crypt.
 44572 | Vaults:2 | Reached XP level 19. HP: 112/112 MP: 38/38
 44626 | Vaults:2 | Reached skill level 22 in Stealth
 46074 | Vaults:2 | Learned a level 2 spell: Blink
 46371 | Vaults:2 | Reached skill level 23 in Stealth
 46799 | Vaults:3 | Noticed Agnes
 46880 | Vaults:3 | Killed Agnes
 47240 | Vaults:3 | Noticed Donald
 47242 | Vaults:3 | Killed Donald
 48087 | Vaults:3 | Reached skill level 24 in Stealth
 48814 | Vaults:4 | Found Kiaruwir's Armour Shoppe.
 48885 | Vaults:4 | Reached XP level 20. HP: 118/118 MP: 31/38
 49506 | Vaults:4 | Found Omuarawa's Magic Scroll Shoppe.
 49522 | Vaults:4 | Found Boklalal's Jewellery Emporium.
 50903 | Vaults:4 | Paralysed by a great orb of eyes for 3 turns
 51653 | Vaults:4 | Identified the cursed +0 pair of gloves "Haavig" {Slay+5}
 51655 | Vaults:4 | Reached skill level 1 in Fighting
 52286 | Vaults:5 | Entered Level 5 of the Vaults
 52574 | Orc:1    | Entered Level 1 of the Orcish Mines
 53688 | Orc:2    | Noticed Maurice
 53705 | Orc:2    | Killed Maurice
 53904 | Orc:2    | Reached skill level 15 in Spellcasting
 54093 | Orc:2    | Noticed Eustachio
 54100 | Orc:2    | Killed Eustachio
 54110 | Orc:2    | Found a roughly hewn altar of Beogh.
 55075 | Orc:4    | Entered Level 4 of the Orcish Mines
 55082 | Orc:4    | Found a staircase to the Elven Halls.
 55470 | Orc:4    | Found a roughly hewn altar of Beogh.
 56179 | Orc:4    | Found a roughly hewn altar of Beogh.
 56448 | Orc:4    | Found a roughly hewn altar of Beogh.
 56451 | Orc:4    | Found Ucimuda's Book Shop.
 56494 | Orc:4    | Found a roughly hewn altar of Beogh.
 57064 | Orc:4    | Found a roughly hewn altar of Beogh.
 57070 | Orc:4    | Found Kaatuud's General Store.
 57319 | Orc:4    | Noticed Saint Roka
 57324 | Orc:4    | Found a roughly hewn altar of Beogh.
 57329 | Orc:4    | Found Klarchok's Antique Weapon Shop.
 57424 | Orc:4    | Killed Saint Roka
 57553 | Orc:4    | Found Steocou's Antique Armour Boutique.
 57581 | Orc:4    | Bought a shiny helmet for 175 gold pieces
 57641 | Orc:4    | Bought a manual of Evocations for 1987 gold pieces
 57644 | Orc:4    | Lost mutation: You tend to lose your temper in combat. [potion of cure mutation]
 57661 | Elf:1    | Entered Level 1 of the Elven Halls
 57750 | Elf:1    | Found a radiant altar of Vehumet.
 59922 | Elf:2    | Reached XP level 21. HP: 130/130 MP: 40/40
 59936 | Elf:2    | Learned a level 6 spell: Invisibility
 60070 | Elf:2    | Found Potwio's Food Emporium.
 60657 | Elf:2    | Reached skill level 1 in Air Magic
 61076 | Elf:2    | Reached skill level 1 in Conjurations
 61249 | Elf:3    | Entered Level 3 of the Elven Halls
 61965 | Elf:3    | Noticed Roxanne
 61981 | Elf:3    | Killed Roxanne
 63328 | Elf:3    | Identified the +7 dagger "Bug Uxky" {stab, +Blink Dex+1} (You took it off a deep elf fighter on level 3 of the Elven Halls)
 63521 | Elf:3    | Identified the ring "Mehetz" {+Fly Int-2} (You took it off a deep elf fighter on level 3 of the Elven Halls)
 63897 | Elf:3    | Identified the cursed -2 long sword "Jellyslayer" {slice, rF+ rC++ rN+ SInv} (You took it off a deep elf knight on level 3 of the Elven Halls)
 63908 | Elf:3    | Identified the ring "Xogg" {+Inv rPois rF+ rC+} (You took it off a deep elf mage on level 3 of the Elven Halls)
 64256 | Elf:3    | Identified Twawieg's Guide on Damaging Feathers (You found it on level 3 of the Elven Halls)
 64295 | Elf:3    | Identified the amulet "Fichol" {+Rage rC+ Int+2} (You took it off a deep elf blademaster on level 3 of the Elven Halls)
 65563 | Orc:4    | Found a roughly hewn altar of Beogh.
 65619 | Orc:4    | Bought the Catalogue of Spatial Calling for 1018 gold pieces
 65625 | Orc:4    | Learned a level 4 spell: Summon Guardian Golem
 65823 | Depths:1 | Entered Level 1 of the Depths
 65838 | Depths:1 | Found a gateway to Hell.
 66247 | Depths:1 | Identified the +4 scale mail of Duty {Dex+3}
 66295 | Depths:1 | Identified the +1 crossbow of Vibakhloe {penet, Dex+4 Int+4}
 66295 | Depths:1 | Identified the +6 short sword of Mayhem {pain, rPois Stlth--}
 66361 | Depths:1 | Identified the amulet of Xom's Full Attention {Clar rC++ Str+1}
 66570 | Depths:1 | Identified the cursed +1 longbow of Jarubliw {flame, +Fly rPois SInv}
 66631 | Depths:1 | Reached XP level 22. HP: 105/136 MP: 21/42
 68630 | Depths:2 | Found a corrupted altar of Lugonu.
 68630 | Depths:2 | Found a one-way gate to the infinite horrors of the Abyss.
 69451 | Depths:2 | Upgraded the game from 0.15-a0-1880-g53e602b to 0.15-a0-1894-g162a615
 69492 | Depths:2 | Voluntarily entered the Abyss.
 69889 | Abyss:3  | Found a corrupted altar of Lugonu.
 69901 | Depths:2 | Escaped the Abyss
 70053 | Depths:3 | Found a one-way gate leading to the halls of Pandemonium.
 70172 | Depths:3 | Identified the +6 scale mail of Sorcery {Str+3 Dex+3 Int+3}
 70711 | Depths:3 | Identified the +1 robe of Psatuba {Str+1 Dex+1} (You took it off a yaktaur captain on level 3 of the Depths)
 71181 | Depths:3 | Identified the +5 sling of the Goat {freeze, rElec rF+}
 72331 | Depths:4 | Reached XP level 23. HP: 139/141 MP: 25/44
 72821 | Depths:4 | Learned a level 7 spell: Ring of Flames
 73790 | Crypt:1  | Entered Level 1 of the Crypt
 73806 | Crypt:1  | Reached skill level 15 in Charms
 74622 | Crypt:1  | Noticed Khufu
 74624 | Crypt:1  | Noticed a greater mummy
 74657 | Crypt:1  | Killed Khufu
 74709 | Crypt:1  | Killed a greater mummy
 76058 | Crypt:3  | Entered Level 3 of the Crypt
 77083 | Crypt:3  | HP: 5/148 [reaper/scythe of protection (27)]
 77923 | Depths:4 | Reached skill level 5 in Fighting
 78755 | Crypt:3  | Found a staircase to the Tomb.
 79534 | Crypt:3  | Found a basalt altar of Yredelemnul.
 79540 | Crypt:3  | Found an ancient bone altar of Kikubaaqudgha.
 79568 | Crypt:3  | Identified the +2 leather armour of the Planets {+Fly rF+} (You took it off a vampire on level 3 of the Crypt)
 79582 | Crypt:3  | Noticed a curse toe
 79611 | Crypt:3  | Killed a curse toe
 79744 | Crypt:3  | Noticed a curse toe
 79748 | Crypt:3  | Killed a curse toe
 79758 | Crypt:3  | Identified the Disquisition on Displacement
 79779 | Crypt:3  | Identified the Papyrus of Destructive Weightlessness
 81446 | Tomb:1   | Entered Level 1 of the Tomb of the Ancients
 81629 | Tomb:1   | Reached XP level 24. HP: 39/161 MP: 33/45
 81821 | Crypt:3  | Killed by mirror damage

Action                   |  1- 3 |  4- 6 |  7- 9 | 10-12 | 13-15 | 16-18 | 19-21 | 22-24 || total
-------------------------+-------+-------+-------+-------+-------+-------+-------+-------++-------
Melee: Dagger            |    80 |   173 |   285 |   598 |   977 |   991 |  1679 |  1029 ||  5812
 Cast: Corona            |     7 |       |     1 |    12 |    12 |     2 |     1 |     3 ||    38
       Ensorcelled Hiber |    14 |    40 |    55 |   184 |   210 |   170 |   181 |    15 ||   869
       Confuse           |     1 |     2 |    12 |    25 |    39 |    25 |    25 |   122 ||   251
       Enslavement       |       |       |       |     7 |    16 |    33 |    53 |    11 ||   120
       Dazzling Spray    |       |       |       |     8 |    42 |    36 |   198 |    57 ||   341
       Flight            |       |       |       |       |     3 |    70 |     4 |    13 ||    90
       Passwall          |       |       |       |       |       |    32 |    58 |    18 ||   108
       Darkness          |       |       |       |       |       |    74 |   161 |   120 ||   355
       Summon Mana Viper |       |       |       |       |       |    39 |    12 |    69 ||   120
       Sure Blade        |       |       |       |       |       |     4 |    10 |       ||    14
       Haste             |       |       |       |       |       |    17 |     5 |     7 ||    29
       Invisibility      |       |       |       |       |       |       |    14 |    30 ||    44
       Summon Guardian G |       |       |       |       |       |       |       |    25 ||    25
       Apportation       |       |       |       |       |       |       |       |     2 ||     2
       Ring of Flames    |       |       |       |       |       |       |       |     4 ||     4
       Blink             |       |       |       |       |       |       |       |     1 ||     1
 Abil: End Transformatio |       |       |       |       |     6 |       |       |       ||     6
       Bat Form          |       |       |       |       |     6 |       |       |       ||     6
       Evoke Invisibilit |       |       |       |       |    28 |    47 |    50 |     1 ||   126
       Turn Visible      |       |       |       |       |    11 |    11 |    24 |     1 ||    47
Evoke: Wand              |       |     1 |     1 |     7 |     9 |     1 |     1 |     2 ||    22
  Use: Scroll            |     6 |     8 |    13 |     7 |    28 |    15 |    10 |    10 ||    97
       Potion            |     2 |       |     2 |     3 |     8 |    16 |     4 |     6 ||    41
 Stab: Sleeping          |    10 |    42 |    86 |   163 |   326 |   272 |   386 |   240 ||  1525
       Distracted        |       |     1 |       |     4 |     3 |    18 |    15 |    19 ||    60
       Confused          |       |       |    13 |    22 |    26 |    19 |    15 |    71 ||   166
       Invisible         |       |       |       |    12 |    76 |   112 |   262 |   103 ||   565
       Betrayed ally     |       |       |       |     2 |     2 |     6 |     7 |     1 ||    18
       Petrifying        |       |       |       |       |     2 |       |       |       ||     2
       Petrified         |       |       |       |       |     2 |       |       |       ||     2
       Paralysed         |       |       |       |       |       |       |     2 |     1 ||     3
  Eat: Corpse            |       |       |       |       |       |       |       |     4 ||     4
